 Dungeon Crawl Stone Soup version 0.24.0-1-gfbc8707 (webtiles) character file.

Game seed: 640534603105922691, levelgen mode: deterministic

3042 Fang the Fighter (level 9, 0/60 HPs)
             Began as a Gargoyle Berserker on Oct 29, 2019.
             Was an Elder of Trog.
             Slain by a sixfirhy (8 damage)
             ... on level 8 of the Dungeon.
             The game lasted 00:07:11 (6303 turns).

Fang the Fighter (Gargoyle Berserker)               Turns: 6303, Time: 00:07:12

Health: 0/60       AC: 23    Str: 23    XL:     9   Next: 86%
Magic:  9/9        EV: 10    Int:  9    God:    Trog [****..]
Gold:   598        SH:  0    Dex:  9    Spells: 8/8 levels left

rFire    . . .     SeeInvis .   a - +0 war axe
rCold    . . .     Gourm    .   (no shield)
rNeg     + . .     Faith    .   b - +0 chain mail
rPois    ∞         Spirit   .   B - +2 helmet
rElec    +         Reflect  .   (no cloak)
rCorr    .         Harm     .   (no gloves)
MR       ++...                  g - +2 pair of boots
Stlth    ..........             (no amulet)
HPRegen  1.20/turn              p - ring of flight
MPRegen  0.11/turn              (no ring)

@: berserk cooldown, regenerating, slowed, very slow
A: negative energy resistance 1, electricity resistance, unbreathing,
petrification resistance, rot immunity, AC +6
a: Berserk, Trog's Hand, Brothers in Arms, Renounce Religion, Evoke Flight


You were on level 8 of the Dungeon.
You worshipped Trog.
Trog was greatly pleased with you.
You were very hungry.

You visited 2 branches of the dungeon, and saw 9 of its levels.

You collected 598 gold pieces.

Inventory:

Hand Weapons
 a - a +0 war axe (weapon)
Armour
 b - a +0 chain mail (worn)
 g - a +2 pair of boots (worn)
 B - a +2 helmet (worn)
Jewellery
 p - a ring of flight (left hand)
Wands
 t - a wand of enslavement (11)
 v - a wand of digging (5)
 F - a wand of iceblast (5)
Scrolls
 d - 4 scrolls of enchant weapon {unknown}
 f - 2 scrolls of fog {unknown}
 i - 9 scrolls of identify {unknown}
 l - 3 scrolls of fear {unknown}
 n - 2 scrolls of teleportation {unknown}
 q - 2 scrolls of magic mapping {unknown}
 r - 3 scrolls of amnesia {unknown}
 s - 2 scrolls of remove curse {unknown}
 w - 2 scrolls of torment {unknown}
 y - a scroll of silence {unknown}
 D - a scroll of blinking {unknown}
Potions
 e - 2 potions of berserk rage {unknown}
 h - a potion of flight {unknown}
 j - 3 potions of lignification {unknown}
 k - 3 potions of curing
 m - a potion of might {unknown}
 o - a potion of resistance {unknown}
 u - a potion of experience {unknown}
 x - a potion of cancellation {unknown}
 z - a potion of mutation {unknown}
 A - a potion of brilliance {unknown}
 C - a potion of magic {unknown}
Comestibles
 c - 17 rations
 E - a chunk of flesh


   Skills:
 * Level 8.4 Fighting
 * Level 7.0 Axes
 + Level 7.2 Armour
 + Level 5.5 Dodging


You had 8 spell levels left.
You didn't know any spells.
Your spell library was empty.

Dungeon Overview and Level Annotations

Branches:
Dungeon (8/15)             Temple (1/1) D:6            Lair (0/6) D:8

Altars:
Elyvilon
Nemelex Xobeh
Ru
Yredelemnul
The Shining One

Shops:
D:6 ((***


Innate Abilities, Weirdness & Mutations

You are resistant to torment.
Your stone body is resilient. (AC +6)
You are immune to poison.
You resist negative energy. (rN+)
You are resistant to electric shocks. (rElec)
You can survive without breathing.
You are immune to petrification.
You are immune to rotting.


Message History

The sixfirhy shocks you. You resist.
* * * LOW HITPOINT WARNING * * *
You closely miss the sixfirhy.
The sixfirhy is severely wounded.
The sixfirhy hits you but does no damage.
The sixfirhy closely misses you.
The sixfirhy hits you but does no damage.
The sixfirhy barely misses you.
The sixfirhy hits you but does no damage.
The sixfirhy completely misses you.
Your skin crawls.
You feel resistant to hostile enchantments.
You are feeling very hungry.
The sixfirhy closely misses you. The sixfirhy hits you.
* * * LOW HITPOINT WARNING * * *
The sixfirhy shocks you. You resist.
* * * LOW HITPOINT WARNING * * *
The sixfirhy hits you but does no damage. x3
The sixfirhy hits you!
You die...

#...............#######......##..
#...............'.....'.......'..
#...............#######...#####..
..........####........#...# ###
#.####+##.........>...#...#######
#...##.##.................#......
##.....##>................'......
##..######................#......
##...........#..@.........#......
...#########.#..3..###....#......
†÷.......#.#.#.#'#.# #....#......
÷÷.........#...#(#.# #....#......
...#####.#.##..###.# #....###....
...#.....#.##......# #....# #....
...#.......##+#..### ###### #####
....###.........##
....'.'........##


You could see a sixfirhy.

Vanquished Creatures
  Grinder (D:4)
  A hungry ghost (D:7)
  A water moccasin (D:6)
  3 ice beasts
  A black bear (D:7)
  A sky beast (D:8)
  A phantom (D:7)
  An ogre (D:8)
  3 centaurs
  A necrophage (D:5)
  Blork the orc (D:5)
  2 bullfrogs
  A scorpion (D:4)
  4 wights (D:6)
  A howler monkey (D:8)
  A bullfrog zombie (D:7)
  A centaur zombie (D:5)
  2 crimson imps (D:5)
  A bullfrog skeleton (D:6)
  A jelly (D:7)
  6 hounds
  3 orc wizards
  4 orc priests (D:4)
  2 iguanas (D:7)
  A gnoll shaman (D:6)
  Terence (D:2)
  9 worker ants
  A hound skeleton (D:5)
  A hound zombie (D:8)
  A worker ant zombie (D:7)
  7 gnolls
  6 adders
  3 shadow imps
  5 worms
  A dart slug (D:5)
  5 leopard geckos
  22 orcs
  9 giant cockroaches
  7 goblins
  11 hobgoblins
  14 jackals
  A quokka (D:8)
  2 ball pythons
  2 bats (D:3)
  7 frilled lizards
  2 gnoll zombies (D:7)
  2 kobolds (D:1)
  2 leopard gecko skeletons
  A quokka skeleton (D:6)
  5 rats
172 creatures vanquished.

Notes
Turn   | Place    | Note
-------+----------+-------------------------------------------
     0 | D:1      | Fang the Gargoyle Berserker began the quest for the Orb.
     0 | D:1      | Reached XP level 1. HP: 14/14 MP: 1/1
   329 | D:1      | Reached XP level 2. HP: 13/19 MP: 2/2
  1321 | D:2      | Noticed Terence
  1346 | D:2      | Killed Terence
  1346 | D:2      | Reached XP level 3. HP: 9/24 MP: 3/3
  1970 | D:3      | Reached ** piety under Trog
  1970 | D:3      | Reached XP level 4. HP: 29/29 MP: 4/4
  2111 | D:3      | Reached skill level 4 in Fighting
  2196 | D:3      | Found a sparkling altar of Nemelex Xobeh.
  2332 | D:3      | Found a sacrificial altar of Ru.
  2340 | D:3      | Reached XP level 5. HP: 27/33 MP: 5/5
  2955 | D:4      | Reached XP level 6. HP: 39/39 MP: 6/6
  3354 | D:4      | Reached *** piety under Trog
  3354 | D:4      | Reached skill level 5 in Fighting
  3355 | D:4      | Reached XP level 7. HP: 38/44 MP: 7/7
  3457 | D:4      | Noticed Grinder
  3501 | D:4      | Paralysed by Grinder for 3 turns
  3504 | D:4      | Killed Grinder
  3504 | D:4      | Reached skill level 5 in Armour
  3954 | D:5      | Entered Level 5 of the Dungeon
  3970 | D:5      | Reached XP level 8. HP: 44/51 MP: 8/8
  4016 | D:5      | Reached skill level 6 in Fighting
  4066 | D:5      | Reached skill level 5 in Axes
  4127 | D:5      | Noticed Blork the orc
  4137 | D:5      | Killed Blork the orc
  4553 | D:6      | Found Penicoar's General Store.
  4581 | D:6      | Found a white marble altar of Elyvilon.
  4617 | D:6      | Reached **** piety under Trog
  4631 | D:6      | Reached XP level 9. HP: 39/56 MP: 9/9
  4695 | D:6      | Reached skill level 7 in Fighting
  4775 | D:6      | Found Ragen's Assorted Antiques.
  4824 | D:6      | Found Gir Voro's Weapon Boutique.
  4832 | D:6      | Received a gift from Trog
  4832 | D:6      | Reached skill level 5 in Dodging
  4877 | D:6      | Found Bupox's Weapon Emporium.
  4880 | D:6      | Found Beukka's Assorted Antiques.
  4984 | D:6      | Found a staircase to the Ecumenical Temple.
  5058 | Temple   | Entered the Ecumenical Temple
  5159 | D:6      | Found a glowing golden altar of the Shining One.
  5552 | D:7      | Found a basalt altar of Yredelemnul.
  5757 | D:7      | Paralysed by fainting for 11 turns
  5822 | D:8      | Reached skill level 8 in Fighting
  5862 | D:8      | Found a runed translucent door.
  5863 | D:8      | Noticed a sixfirhy
  5912 | D:8      | Found a staircase to the Lair.
  6303 | D:8      | Slain by a sixfirhy

Levels and vault maps discovered:
D:1:      eino_arrival_cavern_d, layout_loops_cross
D:2:      layout_basic, uniq_terence
D:3:      layout_basic, nicolae_ru_great_annihilating_truth, first_ration,
          minivault_19, nemelex_diamond_rough_becter
D:4:      layout_layer_cave, kennysheep_big_empty_room,
          chequers_serial_rivers_small_a, kennysheep_pointless_box, uniq_grinder
D:5:      layout_basic, uniq_blork_the_orc
D:6:      layout_rooms, elyvilon_altar_5, minmay_temple_entry_mist,
          serial_shops, nicolae_shop_temple_entry_statues_fountains,
          shop_fountains, nicolae_shop_waterfront, shop_statue, shop,
          grunt_decor_one_mirror, tso_altar
D:7:      layout_rooms, lemuel_zombie_altar_yredelemnul
D:8:      cheibrodos_shockbox, layout_basic, lair_entry_dummy
Temple:   eino_temple_scatter_basement

Skill      XL: |  1  2  3  4  5  6  7  8  9 |
---------------+----------------------------+-----
Axes           | 3 4 5 7 |  7.0
Dodging        | 2 3 4 5 |  5.5
Armour         | 3 4 5 6 7 |  7.2
Fighting       | 4 5 6 8 |  8.4

Action                   |  1- 3 |  4- 6 |  7- 9 || total
-------------------------+-------+-------+-------++-------
Melee: Hand axe          |   120 |   219 |   108 ||   447
       War axe           |       |       |   334 ||   334
Invok: Berserk           |     1 |     2 |     3 ||     6
       Trog's Hand       |       |       |     1 ||     1
 Stab: Paralysed         |       |     2 |       ||     2
  Eat: Chunk             |     4 |     6 |    16 ||    26
       Ration            |       |       |     1 ||     1
Armor: Animal skin       |    27 |       |       ||    27
       Chain mail        |    17 |   175 |   468 ||   660
Dodge: Dodged            |    74 |   103 |   337 ||   514
